 Dungeon Crawl Stone Soup version 0.25-a0-36-g303dd5b1f4 (webtiles) character file.

Game seed: 10894832787844354937, levelgen mode: deterministic

91 Esekla the Magician (level 4, 0/24 HPs)
             Began as a Deep Elf Wizard on Oct 20, 2019.
             Slain by a river rat (1 damage)
             ... on level 3 of the Dungeon.
             The game lasted 00:18:15 (1532 turns).

Esekla the Magician (Deep Elf Wizard)               Turns: 1532, Time: 00:18:16

Health: 0/24       AC:  3    Str:  5    XL:     4   Next: 33%
Magic:  1/14       EV: 13    Int: 23    God:
Gold:   99         SH:  0    Dex: 15    Spells: 6/15 levels left

rFire    . . .     SeeInvis .   j - +0 falchion
rCold    . . .     Gourm    .   (no shield)
rNeg     . . .     Faith    .   a - +0 robe
rPois    .         Spirit   .   g - +0 helmet
rElec    .         Reflect  .   (no cloak)
rCorr    .         Harm     .   (no gloves)
MR       .....                  (no boots)
Stlth    ++........             (no amulet)
HPRegen  0.08/turn              h - +2 ring of dexterity
MPRegen  0.14/turn              (no ring)

@: no status effects
A: no striking features
a: no special abilities


You were on level 3 of the Dungeon.
You were not hungry.

You visited 1 branch of the dungeon, and saw 3 of its levels.

You collected 99 gold pieces.

Inventory:

Hand Weapons
 f - a +0 dagger
 j - a +0 falchion (weapon)
Armour
 a - a +0 robe (worn)
 g - a +0 helmet (worn)
Jewellery
 h - a +2 ring of dexterity (left hand)
Wands
 k - a wand of digging (3)
Scrolls
 i - a scroll of teleportation {unknown}
 l - a scroll of immolation
 m - a scroll of noise {unknown}
Potions
 b - 3 potions of haste
 n - a potion of invisibility
Comestibles
 d - a ration


   Skills:
 + Level 2.7 Dodging
 + Level 2.6 Stealth
 + Level 6.0 Spellcasting
 * Level 2.6 Conjurations
   Level 1.1 Summonings
 + Level 1.2 Translocations
 + Level 0.1 Poison Magic


You had 6 spell levels left.
You knew the following spells:

 Your Spells              Type           Power        Failure   Level  Hunger
a - Magic Dart            Conj           ###.         2%          1    None
b - Blink                 Tloc           N/A          8%          2    None
c - Mephitic Cloud        Conj/Pois/Air  ##......     17%         3    #......
f - Conjure Flame         Conj/Fire      ##......     14%         3    #......

Your spell library contained the following spells:

 Spells                   Type           Power        Failure   Level  Hunger
 Call Imp                 Summ           ##......     9%          2    None
 Slow                     Hex            #.......     13%         2    None


Dungeon Overview and Level Annotations

Branches:
Dungeon (3/15)

Altars:
Uskayaw


Message History

Okay, then.
You feel sick.
You are no longer poisoned.
Casting: Magic Dart (safe; 2% risk of failure)
Confirm with . or Enter, or press ? or * to list all spells.
Aiming: Magic Dart (safe; 2% risk of failure)
Press: ? - help, Shift-Dir - straight line, f/p - river rat
Aim: a river rat (moderately wounded, confused)
The magic dart hits the river rat but does no damage.
The river rat is moderately wounded.
The river rat seems less confused.
A river rat is nearby!
You closely miss the river rat.
The river rat is lightly wounded.
The river rat bites you!
* * * LOW HITPOINT WARNING * * *
You hit the river rat but do no damage.
The river rat is lightly wounded.
The river rat bites you.
You die...

.....##########..##..####.##.#
...### #..##..# #.##.# ..####
#..###.# #.##.# .....# #... ..#
#.##.# .....# #..# #.## #.##.#
..##.# #..###..# #.##.# .....#
#.....#.###.##.# #....#
#..............# #....#
##@##.##.##.##.# #.l..####### #r#
# #..#.#### ..##.≈≈≈≈≈≈≈ ##†#
#..#..... ..l..≈≈#≈#≈####†.##.##
...#.#### ......≈.≈≈l≈r..†.......
.........
.###......≈....#.##.####...#.####
......S......#.# # #...#.....
###...##.##...... #.. #.####
.................. ... ..#


You could see a river rat.

Vanquished Creatures
  Natasha (D:3)
  2 adders
  A worm (D:2)
  2 dart slugs
  3 leopard geckos
  2 ball pythons
  A bat (D:2)
  A giant cockroach (D:1)
  7 goblins
  2 hobgoblins
  8 frilled lizards
  5 kobolds
  9 rats
44 creatures vanquished.

Notes
Turn   | Place    | Note
-------+----------+-------------------------------------------
     0 | D:1      | Esekla the Deep Elf Wizard began the quest for the Orb.
     0 | D:1      | Reached XP level 1. HP: 10/10 MP: 7/7
   159 | D:1      | Reached XP level 2. HP: 15/15 MP: 7/9
   163 | D:1      | Learned a level 2 spell: Blink
   276 | D:1      | Reached skill level 5 in Spellcasting
   621 | D:2      | Reached XP level 3. HP: 19/19 MP: 4/11
   626 | D:2      | Learned a level 3 spell: Mephitic Cloud
   630 | D:2      | Learned a level 3 spell: Conjure Flame
  1376 | D:3      | Noticed Natasha
  1389 | D:3      | Killed Natasha
  1389 | D:3      | Reached skill level 6 in Spellcasting
  1389 | D:3      | Reached XP level 4. HP: 7/24 MP: 7/14
  1487 | D:3      | Found a hide-covered altar of Uskayaw.
  1531 | D:3      | HP: 1/24 [river rat (8)]
  1532 | D:3      | Slain by a river rat

Levels and vault maps discovered:
D:1:      scummos_arrival_forest, layout_loops_corners, st_stairs_3,
          kennysheep_nondescript
D:2:      layout_basic, nicolae_tso_swordbearing_angel, first_ration,
          uniq_crazy_yiuf_cottage
D:3:      layout_basic, eat_drink_and_be_merry_uskayaw,
          lightli_sewer_entry_pipes, uniq_natasha

Skill      XL: |  1  2  3 |
---------------+----------+-----
Spellcasting   | 5 6 |  6.0
Conjurations   | 2 |  2.6
Dodging        | |  2.7
Stealth        | |  2.6
Summonings     | |  1.1
Translocations | |  1.2
Poison Magic   | |  0.1

Action                   |  1- 3 |  4- 6 || total
-------------------------+-------+-------++-------
Melee: Dagger            |     2 |       ||     2
       Falchion          |     1 |     5 ||     6
 Cast: Magic Dart        |    85 |     8 ||    93
       Mephitic Cloud    |     2 |     2 ||     4
       Blink             |     1 |     1 ||     2
       Conjure Flame     |       |     1 ||     1
  Use: Scroll            |       |     4 ||     4
 Stab: Sleeping          |     1 |       ||     1
       Confused          |       |     1 ||     1
  Eat: Ration            |       |     1 ||     1
Armor: Robe              |     4 |       ||     4
Dodge: Dodged            |    17 |     1 ||    18

Table legend:
 A = Non-vault XP
 B = Vault XP
 C = Vault XP percentage of total XP
 D = Non-vault monster count
 E = Vault monster count
 F = Vault count percentage of total count
                 A         B        C        D         E       F
            +---------+---------+-------+---------+---------+-------
      Total |      85 |      45 |  34.6 |      41 |       3 |   6.8
            +---------+---------+-------+---------+---------+-------
        D:1 |      33 |       0 |   0.0 |      23 |       0 |   0.0
        D:2 |      41 |       0 |   0.0 |      13 |       0 |   0.0
        D:3 |      11 |      45 |  80.4 |       5 |       3 |  37.5
            +---------+---------+-------+---------+---------+-------
